 Dungeon Crawl Stone Soup version 0.21-a0-94-gdd6ab6a (webtiles) character file.

83 HAL9000 the Skirmisher (level 4, -1/50 HPs)
             Began as an Ogre Hunter on July 3, 2017.
             Slain by a river rat (8 damage)
             ... in a sewer.
             The game lasted 00:05:13 (2324 turns).

HAL9000 the Skirmisher (Ogre Hunter)                Turns: 2324, Time: 00:05:14

Health: -1/50      AC:  4    Str: 17    XL:     4   Next: 44%
Magic:  4/4        EV: 10    Int: 12    God:
Gold:   77         SH:  0    Dex:  9    Spells: 3/3 levels left

rFire    . . .     SeeInvis .   a - +0 short sword
rCold    . . .     Gourm    .   (no shield)
rNeg     . . .     Faith    .   b - +0 robe
rPois    .         Spirit   .   (helmet restricted)
rElec    .         Reflect  .   q - +0 cloak
rCorr    .         Harm     .   (gloves unavailable)
MR       .....                  (boots unavailable)
Stlth    +.........             (no amulet)
HPRegen  0.16/turn              (no ring)
MPRegen  0.09/turn              (no ring)

@: no status effects
A: unfitting armour, tough skin 1
a: no special abilities


You were in a sewer.
You were not hungry.

You visited 1 branch of the dungeon, and saw 3 of its levels.
You also visited: Sewer.

You collected 77 gold pieces.

Inventory:

Hand Weapons
 a - a +0 short sword (weapon)
 o - a +0 club
Missiles
 c - 4 large rocks (quivered)
 d - 2 throwing nets
 t - 5 tomahawks
Armour
 b - a +0 robe (worn)
 q - a +0 cloak (worn)
 v - a +0 large shield
Scrolls
 h - a scroll of enchant armour
 n - a scroll of noise {unknown}
 p - 3 scrolls of remove curse {unknown}
 r - a scroll of identify {unknown}
 u - a scroll of teleportation {unknown}
Potions
 k - a potion of flight {unknown}
 l - 2 potions of mutation {unknown}
Comestibles
 f - 2 bread rations
 g - 2 fruits
 i - 2 meat rations


   Skills:
 - Level 5.0 Fighting
 + Level 2.0 Maces & Flails
 - Level 4.0 Throwing
 - Level 1.7 Dodging
 - Level 0.6 Stealth


You had 3 spell levels left.
You didn't know any spells.

Dungeon Overview and Level Annotations

Branches:
Dungeon (3/15)

Altars:


Innate Abilities, Weirdness & Mutations

You are too large for most types of armour.
You have tough skin. (AC +1)


Message History

The river rat barely misses you. The river rat bites you.
* * * LOW HITPOINT WARNING * * *
You completely miss the river rat.
The river rat is moderately wounded.
The river rat bites you.
* * * LOW HITPOINT WARNING * * *
The river rat closely misses you.
Unknown command.
As you read the scroll labeled ZITUM EKEMPEO, it crumbles to dust.
It is a scroll of enchant armour.
Really abort (and waste the scroll)? [Y]es or [N]o only, please.
Really abort (and waste the scroll)? [Y]es or [N]o only, please.
Really abort (and waste the scroll)? [Y]es or [N]o only, please.
Really abort (and waste the scroll)?
Okay, then.
The river rat bites you!
You die... ################ ≈≈...rr@r.∩....# ################

You could see 3 river rats.

Vanquished Creatures
  An adder (D:2)
  2 oozes (D:1)
  2 worms
  2 dart slugs
  An orc (D:3)
  A ball python (D:2)
  5 bats
  3 giant cockroaches
  4 goblins
  2 hobgoblins
  3 jackals (D:2)
  10 kobolds
  3 quokkas (D:2)
  3 frilled lizards
  A leopard gecko skeleton (D:3)
  8 rats
51 creatures vanquished.

Notes
Turn   | Place    | Note
-------+----------+-------------------------------------------
     0 | D:1      | HAL9000 the Ogre Hunter began the quest for the Orb.
     0 | D:1      | Reached XP level 1. HP: 22/22 MP: 1/1
    31 | D:1      | Reached skill level 3 in Fighting
    51 | D:1      | HP: 1/23 [dart slug/slug dart (2)]
    53 | D:1      | Reached XP level 2. HP: 1/31 MP: 2/2
   489 | D:1      | Reached skill level 4 in Fighting
   783 | D:1      | Reached XP level 3. HP: 27/40 MP: 3/3
  1093 | D:2      | Reached skill level 5 in Fighting
  1705 | D:2      | Reached skill level 1 in Maces & Flails
  1744 | D:2      | Reached XP level 4. HP: 5/50 MP: 4/4
  2275 | D:3      | Found a glowing drain.
  2304 | Sewer    | Entered a sewer
  2324 | Sewer    | Slain by a river rat

Vault maps used:
D:1:      dpeg_arrival_orchard, st_stairs_11
D:3:      cheibrodos_sewer_entry_bend, first_bread
Sewer:    sewer_kobolds

Skill      XL: |  1  2  3  4 |
---------------+-------------+-----
Fighting       | 3 4 5 |  5.0
Maces & Flails | 1 2 |  2.0
Throwing       | |  4.0
Dodging        | |  1.7
Stealth        | |  0.6

Action                   |  1- 3 |  4- 6 || total
-------------------------+-------+-------++-------
Melee: Short sword       |   217 |    43 ||   260
Throw: Large rock        |     5 |     4 ||     9
  Use: Scroll            |       |     1 ||     1
 Stab: Sleeping          |     1 |       ||     1
  Eat: Chunk             |     2 |     3 ||     5
Armor: Robe              |    74 |    13 ||    87
Dodge: Dodged            |   150 |    38 ||   188
